 Dungeon Crawl Stone Soup version 0.27.1 (webtiles) character file.

Game seed: 1154513596813318567

31 Descartes the Covert (level 3, -1/17 HPs)
             Began as a Felid Delver on Aug 30, 2021.
             Was an Initiate of Dithmenos.
             Slain by a bullfrog zombie (5 damage)
             ... on level 5 of the Dungeon.
             The game lasted 00:02:09 (439 turns).

Descartes the Covert (Felid Delver)                  Turns: 439, Time: 00:02:09

Health: -1/17      AC:  1    Str:  9    XL:     3   Next: 7%
Magic:  4/4        EV: 17    Int: 11    God:    Dithmenos [......]
Gold:   16         SH:  0    Dex: 17    Spells: 2/2 levels left
                                        Lives:  0   Deaths: 0

rFire    . . .     SeeInvis +     - Unarmed
rCold    . . .     Faith    .   (shield unavailable)
rNeg     . . .     Spirit   .   (armour unavailable)
rPois    .         Reflect  .   (helmet unavailable)
rElec    .         Harm     .   (cloak unavailable)
rCorr    .         Rampage  .   (gloves unavailable)
Will     .....                  (boots unavailable)
Stlth    ++++......             (no amulet)
HPRegen  0.05/turn              (no ring)
MPRegen  0.09/turn              (no ring)

@: quick
A: very small, claws 1, fangs 3, see invisible, speed 1, shaggy fur 1, stealthy
paws, no weapons or thrown items, no armour, multi-lived
a: Renounce Religion


You were on level 5 of the Dungeon.
You worshipped Dithmenos.
Dithmenos was noncommittal.
You visited 2 branches of the dungeon, and saw 2 of its levels.

You collected 16 gold pieces.

Inventory:

Wands
 e - a wand of digging (3)
Scrolls
 a - 2 scrolls of fog
 b - a scroll of magic mapping
 c - a scroll of fear
Potions
 d - a potion of haste


   Skills:
 - Level 3.0 Fighting
 - Level 2.6 Dodging
 + Level 8.0 Stealth
 - Level 2.0 Unarmed Combat


You had 2 spell levels left.
You didn't know any spells.
Your spell library was empty.

Dungeon Overview and Level Annotations

Branches:
Dungeon (5/15)             Temple (1/1) D:5

Altars:
Ashenzari
Cheibriados
Dithmenos
Elyvilon
Fedhas
Gozag
Hepliaklqana
Kikubaaqudgha
Makhleb
Nemelex Xobeh
Okawaru
Qazlal
Ru
Sif Muna
Trog
Uskayaw
Wu Jian
Xom
Yredelemnul
Zin
The Shining One


Innate Abilities, Weirdness & Mutations

You have sharp claws.
You have razor-sharp teeth.
You have supernaturally acute eyesight. (SInv)
You cover ground quickly. (Speed+)
You are covered in fur. (AC +1)
Your paws help you pounce on unaware monsters.
You are incapable of wielding weapons or throwing items.
You cannot wear armour.
You gain extra lives every three experience levels.


Message History

The bullfrog zombie hits you.
You scratch the bullfrog zombie.
The bullfrog zombie is moderately damaged.
The bullfrog zombie hits you.
You scratch the bullfrog zombie.
The bullfrog zombie is moderately damaged.
The bullfrog zombie closely misses you.
You scratch the bullfrog zombie. You bite the bullfrog zombie.
The bullfrog zombie is heavily damaged.
The bullfrog zombie closely misses you.
You scratch the bullfrog zombie but do no damage.
The bullfrog zombie is heavily damaged.
The bullfrog zombie hits you but does no damage.
The bullfrog zombie hits you.
You scratch the bullfrog zombie.
The bullfrog zombie is heavily damaged.
The bullfrog zombie misses you.
You scratch the bullfrog zombie.
The bullfrog zombie is severely damaged.
The bullfrog zombie hits you!
* * * LOW HITPOINT WARNING * * *
There is an open door here.
There is an open door here.
There is an open door here.
There is an open door here.
There is an open door here.
The bullfrog zombie hits you.
* * * LOW HITPOINT WARNING * * *
There is an open door here.
The bullfrog zombie barely misses you.
There is a fountain of clear blue water here.
There is a staircase to the Ecumenical Temple here.
Okay, then.
You barely miss the bullfrog zombie.
The bullfrog zombie is severely damaged.
The bullfrog zombie closely misses you. The bullfrog zombie misses you.
You scratch the bullfrog zombie. You bite the bullfrog zombie.
The bullfrog zombie is almost destroyed.
The bullfrog zombie hits you.
You die...

############..##'#....#..##..####
.#...+....#......#....#..........
.#... ....+......#....'......(...
###.# #..#####'##....#####.###..
###.####..##.....#.....#.##.###..
.......#...'..#######..#.........
.......'..#####.....#####........
###.#######...#.....#...#..######
##.## #...⌠...@Z....⌠....# #...#
+.#...#.....#...#..# .#...#
#.#####.....#####..#
.########.....####### ...#
................. ....#
.........#####+## ##..#
.......<.# ##+# ...>.....#
.........#


You could see a bullfrog zombie.

Vanquished Creatures
  A hound (D:5)
1 creature vanquished.

Notes
Turn   | Place    | Note
-------+----------+-------------------------------------------
     0 | D:5      | Descartes the Felid Delver began the quest for the Orb.
     0 | D:5      | Reached XP level 1. HP: 10/10 MP: 2/2
     9 | D:5      | Found a staircase to the Ecumenical Temple.
    18 | Temple   | Entered the Ecumenical Temple
   279 | Temple   | Became a worshipper of Dithmenos the Shadowed
   327 | D:5      | Noticed a hound
   332 | D:5      | Killed a hound
   333 | D:5      | Reached skill level 8 in Stealth
   333 | D:5      | Reached XP level 2. HP: 14/14 MP: 3/3
   333 | D:5      | Reached XP level 3. HP: 17/17 MP: 4/4
   439 | D:5      | Slain by a bullfrog zombie

Illustrated notes

Levels and vault maps discovered:
D:5:      layout_gridville, minmay_temple_entry_antechambers, uniq_menkaure,
          uniq_pikel, uniq_edmund
Temple:   nicolae_temple_the_god_donut

Skill      XL: |  1 |
---------------+----+-----
Stealth        | 8 |  8.0
Fighting       | |  3.0
Dodging        | |  2.6
Unarmed Combat | |  2.0

Action                   || total
-------------------------++-------
Melee: Unarmed           ||    11
       Bite              ||     3
 Stab: Sleeping          ||     1
Armor: Skin              ||     2
Dodge: Dodged            ||     6
